 Dungeon Crawl Stone Soup version 0.18-b1-20-g17449fe (webtiles) character file.

497 LORDOFBUTT the Chopper (level 6, -4/56 HPs)
             Began as a Minotaur Fighter on May 3, 2016.
             Was an Initiate of Ashenzari.
             Slain by Sigmund
             ... wielding a +0 scythe
              (10 damage)
             ... on level 5 of the Dungeon.
             The game lasted 00:03:10 (3778 turns).

LORDOFBUTT the Chopper (Minotaur Fighter)           Turns: 3778, Time: 00:03:11

Health: -4/56      AC:  5    Str: 20    XL:     6   Next: 93%
Magic:  5/5        EV:  7    Int:  5    God:    Ashenzari [......]
Gold:   287        SH: 10    Dex: 12    Spells: 0 memorised, 5 levels left

rFire  . . .     SeeInvis .     a - +0 war axe
rCold  . . .     Gourm    .     b - +0 scale mail
rNeg   . . .     Faith    .     c - +0 shield
rPois  .         Spirit   .     (helmet restricted)
rElec  .         Dismiss  .     (no cloak)
rCorr  .         Reflect  .     i - +1 pair of gloves
SustAt .         Harm     .     (no boots)
MR     .....                    (no amulet)
Stlth  ..........               (no ring)
                                (no ring)

@: lethally poisoned (-4 -> -5), corroded, not resistant to hostile
enchantments, extremely unstealthy
A: retaliatory headbutt, horns 2
a: Curse Item, Renounce Religion


You were on level 5 of the Dungeon.
You worshipped Ashenzari.
Ashenzari was noncommittal.
You were not hungry.

You visited 2 branches of the dungeon, and saw 6 of its levels.

You collected 287 gold pieces.

Inventory:

Hand Weapons
 a - a +0 war axe (weapon)
Armour
 b - a +0 scale mail (worn)
 c - a +0 shield (worn)
 i - a +1 pair of gloves (worn)
Jewellery
 u - an uncursed amulet of regeneration
Scrolls
 h - 3 scrolls of remove curse
 j - 5 scrolls of identify {unknown}
 k - a scroll of recharging {unknown}
 l - a scroll of enchant armour {unknown}
 o - a scroll of blinking {unknown}
 t - a scroll of amnesia {unknown}
 w - a scroll of noise {unknown}
 x - a scroll of teleportation {unknown}
 y - a scroll of random uselessness {unknown}
 z - a scroll of magic mapping {unknown}
 A - a scroll of fear {unknown}
 D - a scroll of enchant weapon {unknown}
Potions
 d - a potion of might
 e - 2 potions of curing {unknown}
 g - 3 potions of lignification {unknown}
 m - a potion of invisibility {unknown}
 n - a potion of cancellation {unknown}
 q - a potion of agility {unknown}
 r - 2 potions of ambrosia {unknown}
 s - a potion of resistance {unknown}
 v - 2 potions of flight {unknown}
 B - a potion of heal wounds {unknown}
 E - a potion of brilliance {unknown}
Comestibles
 f - 2 bread rations
 p - 2 meat rations
 C - a slice of pizza


   Skills:
 + Level 5.1 Fighting
 * Level 6.1 Axes
 + Level 5.3 Armour
 + Level 5.2 Shields


You had 5 spell levels left.
You didn't know any spells.

Dungeon Overview and Level Annotations

Branches:
Dungeon (5/15)             Temple (1/1) D:4

Altars:
Ashenzari
Cheibriados
Elyvilon
Fedhas
Gozag
Kikubaaqudgha
Makhleb
Nemelex Xobeh
Pakellas
Qazlal
Ru
Sif Muna
Trog
Vehumet
Xom
Zin

Annotations:
D:5 Sigmund


Innate Abilities, Weirdness & Mutations

You reflexively headbutt those who attack you in melee.
You have a pair of horns on your head.


Message History

You hit the jelly but do no damage.
Your hands burn!
* * * LOW HITPOINT WARNING * * *
The jelly hits you but does no damage.
There are monsters nearby!
You are too injured to fight recklessly!
You are too injured to fight recklessly!
You are too injured to fight recklessly!
You are too injured to fight recklessly!
You slash the jelly!
Your hands burn!
* * * LOW HITPOINT WARNING * * *
You headbutt the jelly.
The jelly is severely wounded.
You feel sick. You block Sigmund's attack. You block the jelly's attack.
The jelly hits you but does no damage.
You hit the jelly. The acid corrodes you!
Your hands burn!
* * * LOW HITPOINT WARNING * * *
Your headbutt misses the jelly.
The jelly is severely wounded.
Sigmund hits you from afar with a scythe!
You die...

.. # #. .# ####. #. #.#
##.... #. ....
##.....##. ....#
......... .....# .#
#.......## ##....# .#
#.....J@?## ##.....###.#
##.....##.###..........#
##...@ ##.#).........##
####. ##().........## #.
#().........## ##
##...........#
##...........
##.........# ##.#.#...##


You could see Sigmund and a jelly.

Vanquished Creatures
  Edmund (D:4)
  An ogre (D:5)
  A gnoll shaman (D:4)
  An orc wizard (D:5)
  2 worker ants (D:5)
  4 gnolls (D:4)
  5 adders
  An ooze (D:3)
  3 worms
  3 dart slugs
  5 giant geckos
  10 orcs
  A ball python (D:3)
  3 giant cockroaches
  5 goblins
  8 hobgoblins
  3 jackals (D:2)
  4 quokkas
  6 bats
  A giant newt (D:4)
  7 kobolds
  9 rats
84 creatures vanquished.

Notes
Turn   | Place    | Note
--------------------------------------------------------------
     0 | D:1      | LORDOFBUTT the Minotaur Fighter began the quest for the Orb.
     0 | D:1      | Reached XP level 1. HP: 19/19 MP: 0/0
   175 | D:1      | Reached skill level 3 in Axes
   175 | D:1      | Reached XP level 2. HP: 22/27 MP: 1/1
  1059 | D:2      | Reached XP level 3. HP: 24/33 MP: 2/2
  1309 | D:2      | You fall through a shaft!
  1638 | D:3      | Reached skill level 4 in Axes
  1782 | D:2      | Reached XP level 4. HP: 40/40 MP: 3/3
  2007 | D:2      | Found a faded altar to an unknown god.
  2258 | D:2      | Found an oddly glowing altar of Pakellas.
  2260 | D:2      | Found a radiant altar of Vehumet.
  2730 | D:4      | Found a staircase to the Ecumenical Temple.
  2867 | Temple   | Entered the Ecumenical Temple
  3095 | Temple   | Became a worshipper of Ashenzari the Shackled
  3180 | D:4      | Noticed Edmund
  3181 | D:4      | Found a sparkling altar of Nemelex Xobeh.
  3196 | D:4      | Killed Edmund
  3196 | D:4      | Reached skill level 5 in Axes
  3196 | D:4      | Reached XP level 5. HP: 25/47 MP: 4/4
  3298 | D:4      | Reached XP level 6. HP: 30/53 MP: 5/5
  3312 | D:4      | Reached skill level 5 in Armour
  3377 | D:4      | Found a stormy altar of Qazlal.
  3608 | D:5      | Entered Level 5 of the Dungeon
  3629 | D:5      | Reached skill level 5 in Shields
  3632 | D:5      | Reached skill level 5 in Fighting
  3632 | D:5      | Reached skill level 6 in Axes
  3775 | D:5      | Noticed Sigmund
  3778 | D:5      | Slain by Sigmund

Skill      XL: |  1  2  3  4  5  6 |
---------------+-------------------+-----
Axes           | 3 4 5 6 |  6.1
Shields        | 4 5 |  5.2
Fighting       | 4 5 |  5.1
Armour         | 4 5 |  5.3

Action                   |  1- 3 |  4- 6 || total
-------------------------+-------+-------++-------
Melee: War axe           |   104 |   110 ||   214
       Headbutt          |    14 |    26 ||    40
 Stab: Distracted        |     1 |       ||     1
  Eat: Beef jerky        |     1 |       ||     1
       Meat ration       |       |     1 ||     1
       Bread ration      |       |     1 ||     1
Armor: Scale mail        |    48 |    46 ||    94
Dodge: Dodged            |    33 |    29 ||    62
Block: Shield            |    59 |    59 ||   118
